 Dungeon Crawl Stone Soup version 0.21.1-1-g345015fe64 (webtiles) character file.

8570 Peloso the Carver (level 11, -1/95 HPs)
             Began as a Minotaur Fighter on May 5, 2018.
             Was a High Priest of Okawaru.
             Slain by an angel
             ... wielding a +3 whip of holy wrath
              (13 damage)
             ... on level 2 of the Abyss.
             The game lasted 00:26:14 (9627 turns).

Peloso the Carver (Minotaur Fighter)                Turns: 9627, Time: 00:26:14

Health: -1/95      AC: 23    Str: 26    XL:     11   Next: 11%
Magic:  10/10      EV:  7    Int:  5    God:    Okawaru [*****.]
Gold:   437        SH: 12    Dex: 15    Spells: 10/10 levels left

rFire    . . .     SeeInvis .   I - +1 war axe "Ocebyti" {chop, Str+2} (curse)
rCold    . . .     Gourm    .   c - +0 shield
rNeg     . . .     Faith    .   b - +0 plate armour
rPois    .         Spirit   .   (helmet restricted)
rElec    .         Reflect  .   k - +0 cloak
rCorr    .         Harm     .   R - +0 pair of gloves
MR       .....                  d - +2 pair of boots of Zin's Esteem {Str+2}
Stlth    ..........             (no amulet)
HPRegen  0.25/turn              F - +3 ring of protection
MPRegen  0.12/turn              v - +3 ring of dexterity

@: about to teleport, glowing
A: retaliatory headbutt, horns 2
a: Heroism, Finesse, Renounce Religion


You were on level 2 of the Abyss.
You worshipped Okawaru.
Okawaru was extremely pleased with you.
You were not hungry.

You visited 2 branches of the dungeon, and saw 12 of its levels.
You visited the Abyss 1 time.

You collected 703 gold pieces.
You spent 266 gold pieces at shops.

Inventory:

Hand Weapons
 h - the +8 hand crossbow of Puus {flame, rElec}
   (You found it on level 4 of the Dungeon)

   It causes projectiles fired from it to burn those they strike, causing extra
   injury to most foes and up to half again as much damage against particularly
   susceptible opponents.
   It insulates you from electricity.
 I - the cursed +1 war axe "Ocebyti" (weapon) {chop, Str+2}
   (You found it on level 8 of the Dungeon)

   It inflicts extra damage upon your enemies.
   It affects your strength (+2).
   It has a curse placed upon it.
Missiles
 j - 54 bolts
Armour
 b - a +0 plate armour (worn)
 c - a +0 shield (worn)
 d - the +2 pair of boots of Zin's Esteem (worn) {Str+2}
   (You bought it in a shop on level 7 of the Dungeon)

   It affects your strength (+2).
 k - a +0 cloak (worn)
 R - a +0 pair of gloves (worn)
Jewellery
 n - a +2 ring of dexterity
 p - an uncursed ring of stealth
 u - the ring of the Burgomaster {rF++ Dex-2 Stlth-}
   (You found it on level 5 of the Dungeon)

   [ring of loudness]

   It affects your dexterity (-2).
   It greatly protects you from fire.
   It makes you less stealthy.
 v - a +3 ring of dexterity (right hand)
 y - a +2 ring of protection
 F - a +3 ring of protection (left hand)
 N - an uncursed ring of stealth
Wands
 w - a wand of acid (12)
 z - a wand of enslavement (5)
 A - a wand of iceblast (19)
 O - a wand of flame (53)
 P - a wand of clouds (6)
Scrolls
 e - 3 scrolls of identify
 m - 3 scrolls of magic mapping {unknown}
 o - 7 scrolls of teleportation
 q - 2 scrolls of amnesia
 r - 2 scrolls of blinking {unknown}
 B - a scroll of random uselessness {unknown}
 C - 2 scrolls of vulnerability {unknown}
 D - a scroll of immolation {unknown}
 J - a scroll of fog {unknown}
 K - a scroll of enchant armour {unknown}
 L - a scroll of remove curse
Potions
 g - 3 potions of heal wounds
 i - 4 potions of mutation
 l - 3 potions of brilliance
 s - 3 potions of cancellation
 t - 7 potions of haste
 x - 5 potions of curing
 G - 2 potions of invisibility
 S - 2 potions of ambrosia
 T - a potion of magic {unknown}
Books
 E - a book of Cantrips

   Spells                             Type                      Level
   a - Confusing Touch                Hexes                        1
   b - Animate Skeleton               Necromancy                   1
   c - Summon Small Mammal            Summoning                    1
   d - Apportation                    Translocation                1
 H - a book of Necromancy

   Spells                             Type                      Level
   a - Pain                           Necromancy                   1
   b - Animate Skeleton               Necromancy                   1
   c - Vampiric Draining              Necromancy                   3
   d - Regeneration                   Charms/Necromancy            3
   e - Animate Dead                   Necromancy                   4
   f - Borgnjor's Vile Clutch         Necromancy/Earth             5
 M - a book of Power

   Spells                             Type                      Level
   a - Iskenderun's Battlesphere      Conjuration/Charms           5
   b - Venom Bolt                     Conjuration/Poison           5
   c - Bolt of Magma                  Conjuration/Fire/Earth       5
   d - Iron Shot                      Conjuration/Earth            6
   e - Orb of Destruction             Conjuration                  7
   f - Spellforged Servitor           Conjuration/Summoning        7
Comestibles
 f - 22 rations


   Skills:
 + Level 8.4 Fighting
   Level 10.5 Long Blades
 + Level 8.7 Crossbows
 + Level 10.1 Armour
 + Level 2.1 Dodging
 + Level 0.4 Stealth
 + Level 9.6 Shields


You had 10 spell levels left.
You didn't know any spells.

Dungeon Overview and Level Annotations

Branches:
Dungeon (11/15)            Temple (1/1) D:6            Lair (0/6) D:10
    Orc: D:9-12

Altars:
Ashenzari
Cheibriados
Dithmenos
Fedhas
Gozag
Hepliaklqana
Kikubaaqudgha
Makhleb
Okawaru
Ru
Sif Muna
Trog
Uskayaw
Vehumet
Wu Jian
Xom
Yredelemnul
Zin
The Shining One

Shops:
D:4 %   D:7 [   D:10 (


Innate Abilities, Weirdness & Mutations

You reflexively headbutt those who attack you in melee.
You have a pair of horns on your head.


Message History

All of the chunks of flesh in your inventory have rotted away.
Found a great sword.
Found a helmet.
You hear a distant slurping noise.
An angel comes into view. It is wielding a whip of holy wrath.
An angel is nearby!
An angel is nearby!
The angel shouts!
As you read the scroll labeled POWNILATUHE, it crumbles to dust.
You feel strangely unstable.
You feel the power of the Abyss delaying your translocation!
It was a scroll of teleportation.
You miss the angel.
The angel hits you with a whip of holy wrath.
* * * LOW HITPOINT WARNING * * *
The angel hits you but does no damage. You block the angel's attack.
The angel hits you but does no damage.
You barely miss the angel. Your headbutt misses the angel.
The angel hits you with a whip of holy wrath!
You die...

.#. )#. ##..
....### #.#..
### ## ##....
#@# . ...
....##A# . .
##......#.# #
.##... #.[#.#..
.# ..
#..#.#...... .#
#
##....##.#....##
##...# .. ###
.#..## .
....##...#
#.#....# ....
.#..## ......?..


You could see an angel.

Vanquished Creatures
  A hydra (D:8)
  The ghost of supermoro the Protected, a novice MiFi of Gozag (D:11)
  2 two-headed ogres
  Pikel (D:7)
  A centaur skeleton (D:7)
  A troll (D:9)
  The ghost of Freyura the Sneak, an amateur VSAs (D:4)
  A wyvern (D:8)
  3 yaks (D:11)
  A hungry ghost (D:9)
  Edmund (D:4)
  2 water moccasins
  3 orc warriors
  6 sky beasts
  A phantom (D:5)
  A hornet zombie (D:10)
  2 centaurs
  A necrophage (D:5)
  5 ice beasts
  An ogre (D:9)
  A big kobold (D:10)
  5 bullfrogs
  A water moccasin zombie (D:9)
  2 scorpions
  A water moccasin skeleton (D:7)
  4 wights (D:10)
  A jelly (D:7)
  An electric eel (D:10)
  2 crimson imps
  A bullfrog zombie (D:10)
  3 quasits
  3 hounds
  5 orc priests
  Crazy Yiuf (D:7)
  5 orc wizards
  2 bullfrog skeletons
  Jessica (D:3)
  2 iguanas
  5 worker ants
  A hound zombie (D:7)
  9 adders
  6 shadow imps
  2 oozes (D:1)
  4 adder skeletons
  6 worms
  A dart slug (D:1)
  5 leopard geckos
  22 orcs
  10 bats
  5 giant cockroaches
  8 goblins
  13 hobgoblins
  29 jackals
  6 kobolds
  4 quokkas
  7 frilled lizards
  A giant cockroach zombie (D:6)
  A quokka skeleton (D:6)
  11 rats
  2 fungi (D:7)
235 creatures vanquished.

Vanquished Creatures (others)
  A slave (D:7)
  A centaur (D:7)
  A bullfrog (D:7)
  A scorpion (D:7)
  A hound (D:7)
  A centaur skeleton (D:7)
  An adder zombie (D:7)
7 creatures vanquished.

Grand Total: 242 creatures vanquished

Notes
Turn   | Place    | Note
-------+----------+-------------------------------------------
     0 | D:1      | Peloso the Minotaur Fighter began the quest for the Orb.
     0 | D:1      | Reached XP level 1. HP: 19/19 MP: 0/0
    42 | D:1      | Reached XP level 2. HP: 21/27 MP: 1/1
   208 | D:1      | Found a shimmering altar of Xom.
   223 | D:1      | Reached XP level 3. HP: 28/33 MP: 2/2
  1107 | D:2      | Reached XP level 4. HP: 28/40 MP: 3/3
  1388 | D:2      | Found a shattered altar of Ashenzari.
  1657 | D:3      | Found a bloodstained altar of Trog.
  1869 | D:3      | Reached skill level 1 in Dodging
  1979 | D:3      | Reached XP level 5. HP: 43/46 MP: 4/4
  2118 | D:3      | Noticed Jessica
  2126 | D:3      | Killed Jessica
  2126 | D:3      | Reached skill level 5 in Shields
  2426 | D:4      | Got a shimmering hand crossbow
  2427 | D:4      | Identified the +8 hand crossbow of Puus {flame, rElec} (You found it on level 4 of the Dungeon)
  2441 | D:4      | Noticed Edmund
  2451 | D:4      | Killed Edmund
  2451 | D:4      | Reached skill level 5 in Long Blades
  2451 | D:4      | Reached XP level 6. HP: 43/53 MP: 5/5
  2457 | D:4      | Noticed Freyura's ghost (amateur VSAs)
  2467 | D:4      | Killed Freyura's ghost
  2467 | D:4      | Reached skill level 5 in Fighting
  2865 | D:4      | Found Roroiff's Food Emporium.
  2894 | D:4      | Reached XP level 7. HP: 50/61 MP: 6/6
  2944 | D:4      | Noticed a moth of wrath
  2947 | D:4      | Found a bloodstained altar of Trog.
  3144 | D:4      | Reached skill level 5 in Armour
  3308 | D:4      | Reached skill level 1 in Crossbows
  3868 | D:5      | Entered Level 5 of the Dungeon
  4330 | D:5      | Reached XP level 8. HP: 59/68 MP: 7/7
  4434 | D:5      | Got a fine pewter ring
  4653 | D:5      | Identified the ring of the Burgomaster {rF++ Dex-2 Stlth-} (You found it on level 5 of the Dungeon)
  4675 | D:6      | Found a shimmering altar of Xom.
  4863 | D:6      | Found a staircase to the Ecumenical Temple.
  4876 | Temple   | Entered the Ecumenical Temple
  4972 | Temple   | Became a worshipper of Warmaster Okawaru
  6307 | D:7      | Reached skill level 5 in Crossbows
  6417 | D:7      | Found Zail's Antique Armour Emporium.
  6429 | D:7      | Bought a pair of polished boots for 266 gold pieces
  6435 | D:7      | Identified the +2 pair of boots of Zin's Esteem {Str+2} (You bought it in a shop on level 7 of the Dungeon)
  6481 | D:7      | Noticed Pikel
  6489 | D:7      | Reached * piety under Okawaru
  6506 | D:7      | Killed Pikel
  6506 | D:7      | Reached XP level 9. HP: 53/75 MP: 8/8
  6585 | D:7      | Reached ** piety under Okawaru
  6599 | D:7      | Found an opulent altar of Gozag.
  6930 | D:7      | Found a runed door.
  6934 | D:7      | Noticed Crazy Yiuf
  6942 | D:7      | Killed Crazy Yiuf
  7333 | D:8      | Noticed a two-headed ogre
  7344 | D:8      | Killed a two-headed ogre
  7344 | D:8      | Reached *** piety under Okawaru
  7649 | D:8      | Noticed a six-headed hydra
  7657 | D:8      | Killed a six-headed hydra
  7657 | D:8      | Received a gift from Okawaru
  7657 | D:8      | Reached **** piety under Okawaru
  7657 | D:8      | Reached XP level 10. HP: 50/86 MP: 9/9
  7894 | D:8      | Got a fine war axe
  8133 | D:9      | Noticed a two-headed ogre
  8136 | D:9      | Killed a two-headed ogre
  8170 | D:9      | Reached ***** piety under Okawaru
  8259 | D:9      | Received a gift from Okawaru
  8600 | D:10     | Entered Level 10 of the Dungeon
  8709 | D:10     | Found a staircase to the Lair.
  9042 | D:10     | Found Uwaezoit's Weapon Shop.
  9067 | D:10     | Reached skill level 10 in Long Blades
  9411 | D:11     | Received a gift from Okawaru
  9411 | D:11     | Reached XP level 11. HP: 94/95 MP: 10/10
  9459 | D:11     | Reached skill level 10 in Armour
  9550 | D:11     | Noticed supermoro's ghost (novice MiFi)
  9583 | D:11     | HP: 4/95 [supermoro's ghost (7)]
  9584 | D:11     | Killed supermoro's ghost
  9584 | D:11     | Received a gift from Okawaru
  9590 | D:11     | Cast into level 2 of the Abyss (a distortion unwield)
  9591 | Abyss:2  | Identified the cursed +1 war axe "Ocebyti" {chop, Str+2} (You found it on level 8 of the Dungeon)
  9620 | Abyss:2  | Noticed an angel
  9627 | Abyss:2  | Slain by an angel

Skill      XL: |  1  2  3  4  5  6  7  8  9 10 11 |
---------------+----------------------------------+-----
Shields        | 4 5 6 7 8 9 |  9.6
Fighting       | 4 5 6 7 8 |  8.4
Armour         | 4 5 7 9 10 | 10.1
Long Blades    | 3 4 5 6 7 8 9 10 | 10.5
Dodging        | 1 2 |  2.1
Crossbows      | 3 5 6 8 |  8.7
Stealth        | |  0.4

Action                   |  1- 3 |  4- 6 |  7- 9 | 10-12 || total
-------------------------+-------+-------+-------+-------++-------
Melee: Long sword        |   114 |   120 |   216 |   186 ||   636
       Headbutt          |    16 |    21 |    56 |    53 ||   146
       War axe           |       |       |       |     2 ||     2
 Fire: Hand crossbow     |       |       |    77 |    62 ||   139
Invok: Heroism           |       |       |       |     1 ||     1
  Use: Scroll            |       |     6 |     1 |     7 ||    14
       Potion            |       |     1 |     1 |       ||     2
  Eat: Chunk             |     1 |     5 |    12 |     7 ||    25
       Ration            |       |       |     1 |       ||     1
Armor: Scale mail        |    53 |    11 |       |       ||    64
       Plate armour      |       |    52 |   115 |    77 ||   244
Dodge: Dodged            |    52 |    26 |    39 |    31 ||   148
Block: Shield            |    62 |    44 |   112 |   105 ||   323
       Rpst.: Long sword |    13 |     9 |    13 |     6 ||    41
